 Seeded DCSS version 0.30-a0-149-g7f746667c4 (webtiles) character file.

Game seed: 20220920 (custom seed)

110856 a11behringer the Slayer (level 16, -4/168 HPs)
             Began as a Minotaur Berserker on Sept 26, 2022.
             Was a High Priest of Trog.
             Blown up by an orb spider (45 damage)
             ... with an orb of destruction
             ... on level 2 of the Spider Nest.
             The game lasted 01:23:02 (22934 turns).

a11behringer the Slayer (Minotaur Berserker)       Turns: 22934, Time: 01:23:02

Health: -4/168     AC: 28    Str: 35    XL:     16   Next: 8%
Magic:  13/13      EV:  9    Int:  4    God:    Trog [*****.]
Gold:   1267       SH: 18    Dex: 11    Spells: 15/15 levels left

rFire   + . .      SeeInvis .    w - +8 broad axe of the Burning God {flame, +Blink rElec rN+ Stlth-}
rCold   + + .      Faith    .    r - +1 kite shield {rC+ rF+}
rNeg    + . .      Spirit   .    K - +2 crystal plate armour
rPois   +          Reflect  +    O - +0 hat
rElec   +          Harm     .    B - +0 cloak {rPois}
rCorr   .          Rampage  .    o - +0 pair of gloves
Will    +....                    (no boots)
Stlth   ..........               t - amulet of reflection
HPRegen 0.38/turn                c - ring of poison resistance
MPRegen 0.13/turn                u - +6 ring of strength

@: on berserk cooldown, slowed, studying Fighting, very slow
A: horns 2, retaliatory headbutt, fangs 1, cold resistance 1, low MP 1
a: Renounce Religion, Evoke Blink, Berserk, Trog's Hand, Brothers in Arms


You were on level 2 of the Spider Nest.
You worshipped Trog.
Trog was extremely pleased with you.
You visited 3 branches of the dungeon, and saw 22 of its levels.
You visited the Abyss 1 time.
You also visited: Ossuary, Bailey and Ice Cave.

You collected 2014 gold pieces.
You spent 747 gold pieces at shops.

Inventory:

Hand Weapons
 w - the +8 broad axe of the Burning God (weapon) {flame, +Blink rElec rN+ Stlth-}
   (You bought it in a shop on level 3 of the Dungeon)

   It burns those it strikes, dealing additional fire damage.
   Big, fiery blades are also staple armaments of hydra-hunters.
   rElec:     It insulates you from electricity.
   rN:        It protects you from negative energy.
   +Blink:    It lets you blink.
   Stlth:     It makes you less stealthy.
 J - a +5 arbalest of flaming
 Y - a +8 antimagic broad axe
Missiles
 e - 4 throwing nets (quivered)
Armour
 m - a +0 tower shield
 o - a +0 pair of gloves (worn)
 r - a +1 kite shield of resistance (worn)
 B - a +0 cloak of poison resistance (worn)
 G - a +2 ring mail of willpower
 K - a +2 crystal plate armour (worn)
 O - a +0 hat (worn)
 R - a scarf of resistance
 U - the +1 leather armour "Gaotocvo" {rF+ Dex+6}
   (You found it in an ice cave)

   Dex:       It affects your dexterity (+6).
   rF:        It protects you from fire.
 V - a +2 chain mail of cold resistance
Jewellery
 a - a ring of flight
 c - a ring of poison resistance (left hand)
 k - a +6 ring of dexterity
 p - an amulet of guardian spirit
 s - a ring of protection from fire
 t - an amulet of reflection (around neck)
 u - a +6 ring of strength (right hand)
 Q - a +4 ring of slaying
 T - a ring of willpower
 Z - a ring of protection from cold
Wands
 b - a wand of quicksilver (6)
 i - a wand of mindburst (28)
 j - a wand of digging (11)
 v - a wand of paralysis (28)
 x - a wand of flame (15)
 E - a wand of roots (4)
Scrolls
 d - 2 scrolls of poison
 l - a scroll of enchant weapon
 y - 7 scrolls of teleportation
 F - 5 scrolls of fog
 H - a scroll of enchant armour
 I - 2 scrolls of fear
 N - 12 scrolls of identify
 P - 2 scrolls of blinking
 W - a scroll of silence
 X - a scroll of magic mapping
Potions
 f - 4 potions of flight
 h - a potion of cancellation
 n - 3 potions of haste
 q - 7 potions of curing
 z - 7 potions of heal wounds
 A - 4 potions of magic
 C - 7 potions of mutation
 D - 5 potions of berserk rage
 L - 3 potions of might
 M - 2 potions of ambrosia
 S - a potion of resistance
Miscellaneous
 g - a phial of floods


   Skills:
 * Level 21.9 Fighting
 * Level 19.6 Axes
 - Level 7.1 Ranged Weapons
 - Level 0.2 Throwing
 + Level 14.1 Armour
 + Level 8.7 Dodging
 + Level 13.8 Shields
 + Level 5.9 Evocations


You had 15 spell levels left.
You didn't know any spells.
Your spell library was empty.

Dungeon Overview and Level Annotations

Branches:
Dungeon (15/15)            Temple (0/1) D:7            Lair (5/5) D:11
 Shoals (0/4) Lair:2       Spider (2/4) Lair:3        Slime (0/5) Lair:5
    Orc (0/2) D:12         Vaults (0/5) D:14         Depths (0/4) D:15
Ossuary (visited)          Bailey (visited)           IceCv (visited)

Altars:
Ashenzari
Cheibriados
Dithmenos
Kikubaaqudgha
Nemelex Xobeh
Okawaru
Qazlal
Sif Muna
Trog
Uskayaw
Wu Jian
Xom
Zin
Jiyva

Shops:
D:3 (   D:8 (   D:9 !


Innate Abilities, Weirdness & Mutations

You have a pair of horns on your head.
You reflexively headbutt those who attack you in melee.
You have very sharp teeth.
Your flesh is cold resistant. (rC+)
Your magical capacity is low. (-10% MP)


Message History

Arachne is almost dead.
You slash the jumping spider! You burn the jumping spider.
You block the jumping spider's attack. x2
The jumping spider pounces on you but does no damage.
You block the jumping spider's attack.
The helpless Arachne fails to defend herself.
You slice Arachne!! You burn Arachne!
You kill Arachne!
Trog accepts your kill.
Trog appreciates your killing of a magic user.
You slash the jumping spider! You burn the jumping spider.
A freezing mist starts to gather...
Arachne the Weaver comes into view.
The jumping spider leaps!
You block the jumping spider's attack.
The jumping spider bites you but does no damage.
Arachne hits you but does no damage.
You see here a staff of poison.
You hit Arachne.
You melt Arachne.
Arachne is lightly damaged.
You hit the jumping spider. You burn the jumping spider.
The jumping spider leaps!
You block the jumping spider's attack. The jumping spider barely misses you.
Arachne hits you but does no damage.
You slice Arachne!!
You melt Arachne!
Arachne vaporises!
You slash the jumping spider! You burn the jumping spider.
You kill the jumping spider!
Trog accepts your kill.
Really walk into that cloud of freezing vapour? [Y]es or [N]o only, please.
Really walk into that cloud of freezing vapour? [Y]es or [N]o only, please.
Really walk into that cloud of freezing vapour?
Okay, then.
The orb spider weaves a glowing orb of energy.
The jumping spider leaps!
An orb of destruction comes into view.
A steelbarb worm comes into view.
The orb of destruction hits you!!!
You die...

...#..#..## # # . #..#†## #.)# .
..###..†# ##. s .#. ##..##..#
###...#. .. ..^.^..s##
###.^.#..#.w.
..##..#..####....s.#.....
###.#..##..#°#☼#....###
######..#.##..#○.†..#~ ~ #
##.........^##.°@##.#≈#≈~ # ≈#
.....######††#..#≈≈~#≈≈###≈≈ #≈#
..##.....##.†##..###~#≈≈≈≈≈ #≈≈#
.#...#.#...#..^.##^.#≈#≈≈≈##≈≈# .
.#.#.#?..^...##...#..#≈##≈≈≈≈##..
#.......(#..#.......#~≈≈≈#≈~≈≈~#
##.##.#..##..#.#.##..###~#.#≈#
#....^#^.#..##..#.#...##....##
...#.##..##..#^..#..#....##..#


You could see a steelbarb worm (wandering), an orb spider and a jumping spider.

Vanquished Creatures
  Nikola (Spider:1)
  Arachne (Spider:2)
  2 tentacled starspawn (Abyss:2)
  Gastronok (D:11)
  Aizul (Spider:2)
  A reaper (IceCv)
  The ghost of KennySheep the Covert, a journeyman NaEE of Zin (Lair:1)
  An ettin (D:14)
  2 entropy weavers
  Josephine (D:14)
  5 hydras
  The ghost of jlumianski the Cleaver, a journeyman GrGl of Okawaru (D:10)
  2 jorogumos (Spider:2)
  2 radroaches
  A merfolk avatar (Lair:5)
  An ogre mage (D:15)
  A catoblepas (Lair:2)
  9 centaur warriors
  3 boulder beetles
  10 two-headed ogres
  11 death yaks
  A tengu warrior (D:15)
  A deep troll (D:14)
  A steelbarb worm (Spider:2)
  A sea snake (Lair:5)
  A pharaoh ant (Spider:2)
  A steelbarb worm (shapeshifter) (D:14)
  An orc knight (Bailey)
  3 wizards (D:15)
  A lindwurm (Lair:4)
  A necromancer (D:15)
  A deep elf zephyrmancer (D:15)
  An orc sorcerer (D:15)
  2 deep elf pyromancers
  12 ugly things
  6 wolf spiders
  An elephant (shapeshifter) (D:15)
  2 moths of wrath
  5 elephants
  6 manticores
  10 cyclopes
  2 ice statues (IceCv)
  6 black mambas
  2 centaur zombies (D:15)
  12 cane toads
  A merfolk siren (Lair:2)
  An orange demon (Abyss:2)
  A torpor snail (Lair:5)
  A gargoyle (D:14)
  Maggie (D:9)
  A centaur skeleton (D:15)
  9 rime drakes
  2 demonic crawlers (Spider:1)
  7 komodo dragons
  A hellwing (Abyss:2)
  7 ice devils (IceCv)
  2 tengu conjurers (D:15)
  A harpy zombie (D:15)
  A meliai (Lair:3)
  Prince Ribbit (D:7)
  3 hornets
  5 trolls
  2 wind drakes (Lair:5)
  6 tarantellas
  A blink frog (shapeshifter) (D:10)
  6 polar bears
  17 slime creatures
  8 blink frogs
  5 dream sheep (Lair:5)
  A snapping turtle (Lair:5)
  A jumping spider (Spider:2)
  5 culicivoras
  A centaur simulacrum (D:14)
  7 wraiths
  5 wyverns
  A shadow (D:11)
  12 yaks
  A hog (shapeshifter) (D:14)
  17 redbacks
  4 basilisks
  A large abomination (Abyss:2)
  3 vampire mosquitoes
  A neqoxec (Abyss:2)
  4 steam dragons
  Menkaure (D:4)
  A harpy simulacrum (IceCv)
  Edmund (D:4)
  Duvessa (D:7)
  19 water moccasins
  A hydra simulacrum (IceCv)
  2 sky beasts
  4 acid dragons
  A hornet zombie (D:15)
  13 orc warriors
  2 ice beasts
  2 black bears
  2 ogres
  9 wolves
  4 phantoms
  8 centaurs
  9 bullfrogs
  5 kobold brigands
  A gnoll sergeant (D:10)
  2 scorpions
  A necrophage (D:4)
  2 cane toad simulacra (IceCv)
  14 wights
  Dowan (D:7)
  9 killer bees
  3 troll zombies (D:12)
  2 elephant simulacra (IceCv)
  10 howler monkeys
  2 electric eels (D:14)
  A vampire bat (Lair:1)
  2 hounds
  4 orc priests
  A gnoll bouda (D:6)
  A jelly (D:6)
  An iguana (D:6)
  7 orc wizards
  4 troll simulacra (IceCv)
  A polar bear simulacrum (IceCv)
  4 spriggan simulacra (IceCv)
  A wolf simulacrum (IceCv)
  3 ogre zombies (D:12)
  8 mummies (Ossuary)
  Robin (D:2)
  15 gnolls
  7 adders
  2 shadow imps
  10 white imps
  2 ufetubi
  A worm (D:2)
  2 dart slugs
  39 orcs
  4 ball pythons
  9 bats
  7 endoplasms
  2 giant cockroaches
  4 gnoll zombies (Ossuary)
  16 goblins
  9 hobgoblins
  5 jackals (D:1)
  5 quokkas
  4 frilled lizards
  A goblin skeleton (D:12)
  3 goblin zombies (D:12)
  5 hobgoblin zombies
  29 kobolds
  A kobold zombie (Ossuary)
  3 orc skeletons (D:12)
  10 orc zombies (D:12)
  2 rats
  3 bushes (D:12)
  2 starspawn tentacles (Abyss:2)
665 creatures vanquished.

Vanquished Creatures (collateral kills)
  A centaur warrior (D:11)
  2 two-headed ogres (D:11)
  A wraith (D:11)
  2 yaks (D:11)
  3 vampire mosquitoes (D:11)
  A black bear (D:11)
10 creatures vanquished.

Vanquished Creatures (others)
  A tengu warrior (D:14)
  A shadow wraith (D:14)
  A kobold (D:9)
  26 fungi
  54 plants
  9 starspawn tentacles (Abyss:2)
92 creatures vanquished.

Grand Total: 767 creatures vanquished

Notes
Turn   | Place    | Note
-------+----------+-------------------------------------------
     0 | D:1      | a11behringer the Minotaur Berserker began the quest for the
                  | Orb.
     0 | D:1      | Reached XP level 1. HP: 19/19 MP: 0/0
     3 | D:1      | You fall into a shaft and drop 1 floor!
   251 | D:1      | Reached XP level 2. HP: 27/27 MP: 1/1
   761 | D:1      | Found a faded altar of an unknown god.
  1368 | D:2      | Noticed Robin
  1369 | D:2      | Reached skill level 4 in Fighting
  1375 | D:2      | Reached XP level 3. HP: 33/33 MP: 2/2
  1379 | D:2      | Killed Robin
  1645 | D:2      | Reached ** piety under Trog
  2063 | D:3      | Reached XP level 4. HP: 40/40 MP: 3/3
  2179 | D:3      | Reached skill level 6 in Fighting
  2179 | D:3      | Reached skill level 5 in Dodging
  2179 | D:3      | Reached XP level 5. HP: 40/51 MP: 4/4
  2271 | D:3      | Found Agis Cia's Antique Weapon Boutique.
  3033 | D:4      | Noticed Menkaure
  3041 | D:4      | Killed Menkaure
  3042 | D:4      | Reached skill level 5 in Shields
  3042 | D:4      | Reached XP level 6. HP: 53/58 MP: 5/5
  3195 | D:4      | Reached XP level 7. HP: 34/64 MP: 6/6
  3224 | D:4      | Found a sand-covered staircase.
  3230 | Ossuary  | Entered an ossuary
  3464 | D:4      | Noticed Edmund
  3476 | D:4      | Killed Edmund
  3477 | D:4      | Reached skill level 7 in Fighting
  3758 | D:4      | Reached *** piety under Trog
  3896 | D:4      | Found a sparkling altar of Nemelex Xobeh.
  3898 | D:4      | Found an ancient bone altar of Kikubaaqudgha.
  3898 | D:4      | Found a snail-covered altar of Cheibriados.
  4268 | D:3      | Bought a transparent broad axe for 243 gold pieces
  4268 | D:3      | Identified the +8 broad axe of the Burning God {flame,
                  | +Blink rElec rN+ Stlth-} (You bought it in a shop on level
                  | 3 of the Dungeon)
  4363 | D:5      | Entered Level 5 of the Dungeon
  4417 | D:5      | Found a shimmering blue altar of Sif Muna.
  4614 | D:5      | Found an iron altar of Okawaru.
  5001 | D:6      | Reached XP level 8. HP: 73/73 MP: 7/7
  5417 | D:6      | Found a shadowy altar of Dithmenos.
  5448 | D:7      | Found a staircase to the Ecumenical Temple.
  5474 | D:7      | Reached skill level 10 in Axes
  5608 | D:7      | Found a glowing silver altar of Zin.
  5663 | D:7      | Reached **** piety under Trog
  5787 | D:7      | Reached XP level 9. HP: 79/79 MP: 8/8
  5803 | D:7      | Noticed Duvessa
  5804 | D:7      | Noticed Dowan
  5808 | D:7      | Killed Duvessa
  5810 | D:7      | Killed Dowan
  5843 | D:7      | Noticed Prince Ribbit
  5870 | D:7      | Killed Prince Ribbit
  6262 | D:8      | Reached skill level 8 in Fighting
  6264 | D:8      | Reached skill level 5 in Evocations
  6618 | D:8      | Found a bloodstained altar of Trog.
  6680 | D:8      | Found Ryuk's Antique Weapon Shop.
  6686 | D:8      | Bought a polished sling for 156 gold pieces
  6686 | D:8      | Identified the +1 sling "Sufe" {venom, rPois rC- rN+ Str+7}
                  | (You bought it in a shop on level 8 of the Dungeon)
  6799 | D:8      | Found an ornate altar of the Wu Jian Council.
  7142 | D:9      | Found a broken altar of Ashenzari.
  7202 | D:9      | Found a flagged portal.
  7209 | D:9      | Reached XP level 10. HP: 77/88 MP: 9/9
  7213 | Bailey   | Entered a bailey
  7314 | Bailey   | Reached skill level 1 in Ranged Weapons
  7687 | Bailey   | Reached ***** piety under Trog
  7701 | Bailey   | Noticed an orc knight
  7709 | Bailey   | Killed an orc knight
  7742 | D:9      | Noticed Maggie
  7743 | D:9      | Noticed a two-headed ogre
  7750 | D:9      | Killed a two-headed ogre
  7751 | D:9      | Killed Maggie
  7803 | D:9      | Reached skill level 9 in Fighting
  7822 | D:9      | Found a shimmering altar of Xom.
  7897 | D:9      | Found Hokk's Distillery.
  7902 | D:9      | Bought 2 potions of flight for 72 gold pieces
  7902 | D:9      | Bought a potion of haste for 120 gold pieces
  7902 | D:9      | Bought a potion of heal wounds for 60 gold pieces
  7902 | D:9      | Bought a potion of mutation for 96 gold pieces
  8032 | D:9      | Found a stormy altar of Qazlal.
  8274 | D:9      | Noticed a two-headed ogre
  8278 | D:9      | Killed a two-headed ogre
  8595 | D:10     | Entered Level 10 of the Dungeon
  8597 | D:10     | Found a transporter.
  8620 | D:10     | Reached XP level 11. HP: 92/97 MP: 10/10
  8659 | D:10     | Noticed a four-headed hydra
  8662 | D:10     | Noticed an entropy weaver
  8669 | D:10     | Noticed jlumianski's ghost (journeyman GrGl)
  8674 | D:10     | an entropy weaver changed into a komodo dragon
  8682 | D:10     | Found a transporter.
  8896 | D:10     | Received a gift from Trog
  9096 | D:10     | Identified the +1 mace "Hepp" {freeze, *Slow Str+5 Dex+5}
  9244 | D:10     | Noticed a mana viper
  9250 | D:10     | a mana viper changed into a shining eye
  9250 | D:10     | Noticed a shining eye (shapeshifter)
  9324 | D:10     | Noticed a mana viper
  9335 | D:10     | a mana viper changed into a redback
  9354 | D:10     | a redback changed into a swamp dragon
  9354 | D:10     | Noticed a swamp dragon (shapeshifter)
  9362 | D:10     | a swamp dragon changed into a yaktaur
  9419 | D:11     | Noticed a two-headed ogre
  9422 | D:11     | Noticed a centaur warrior
  9424 | D:11     | Noticed a two-headed ogre
  9427 | D:11     | Killed a centaur warrior
  9428 | D:11     | Reached skill level 10 in Fighting
  9428 | D:11     | Killed a two-headed ogre
  9431 | D:11     | Killed a two-headed ogre
  9432 | D:11     | Noticed a two-headed ogre
  9437 | D:11     | Killed a two-headed ogre
  9511 | D:11     | Noticed a white ugly thing
  9517 | D:11     | Killed a white ugly thing
  9518 | D:11     | Reached skill level 11 in Fighting
  9559 | D:11     | Noticed Gastronok
  9564 | D:11     | Killed Gastronok
  9565 | D:11     | Reached skill level 5 in Ranged Weapons
  9910 | D:11     | Noticed a centaur warrior
  9914 | D:11     | Noticed a two-headed ogre
  9922 | D:11     | Killed a two-headed ogre
  9923 | D:11     | Reached XP level 12. HP: 101/110 MP: 11/11
  9925 | D:11     | Killed a centaur warrior
  9968 | D:11     | Noticed a boulder beetle
 10020 | D:11     | Killed a boulder beetle
 10036 | D:11     | Reached skill level 10 in Armour
 10107 | D:11     | Found a staircase to the Lair.
 10135 | D:12     | Reached skill level 12 in Fighting
 10199 | D:12     | Found a staircase to the Orcish Mines.
 10207 | D:12     | Noticed a two-headed ogre
 10210 | D:12     | Killed a two-headed ogre
 10420 | D:12     | Reached skill level 10 in Shields
 10733 | D:12     | Identified the +3 sling "Pigui" {freeze, Int+3 Dex+4}
 10966 | D:12     | Identified the +4 long sword "Paeple" {vamp, rElec rF+
                  | rCorr Str-4}
 11165 | D:12     | Noticed a two-headed ogre
 11170 | D:12     | Killed a two-headed ogre
 11525 | D:13     | Noticed a centaur warrior
 11530 | D:13     | Reached skill level 13 in Fighting
 11530 | D:13     | Reached skill level 15 in Axes
 11532 | D:13     | Killed a centaur warrior
 11643 | D:13     | Noticed a centaur warrior
 11651 | D:13     | Killed a centaur warrior
 11656 | D:13     | Identified a scroll of acquirement
 11658 | D:13     | Acquired a manual of Fighting
 11852 | D:13     | Reached XP level 13. HP: 122/122 MP: 12/12
 12166 | D:14     | Found an ornate altar of the Wu Jian Council.
 12324 | D:14     | Reached skill level 14 in Fighting
 12353 | D:14     | Noticed an ettin
 12360 | D:14     | Killed an ettin
 12735 | D:14     | Found a gate to the Vaults.
 12761 | D:14     | Noticed Josephine
 12775 | D:14     | Killed Josephine
 12839 | D:14     | Found a bloodstained altar of Trog.
 13041 | D:14     | Reached skill level 15 in Fighting
 13468 | D:15     | Entered Level 15 of the Dungeon
 13482 | D:15     | Reached skill level 16 in Fighting
 13485 | D:15     | Received a gift from Trog
 13497 | D:15     | Reached XP level 14. HP: 84/138 MP: 13/13
 13540 | D:15     | Gained mutation: Your magical capacity is low. (-10% MP)
                  | [potion of mutation]
 13540 | D:15     | Gained mutation: You have very sharp teeth. [potion of
                  | mutation]
 13540 | D:15     | Gained mutation: Your flesh is cold resistant. (rC+)
                  | [potion of mutation]
 13799 | Abyss:2  | Cast into level 2 of the Abyss (a wizard)
 13833 | Abyss:2  | Noticed a hellephant
 13852 | Abyss:2  | Noticed a tentacled starspawn
 13887 | Abyss:2  | Noticed a tentacled starspawn
 13893 | Abyss:2  | Killed a tentacled starspawn
 13894 | Abyss:2  | Reached skill level 17 in Fighting
 13897 | Abyss:2  | Killed a tentacled starspawn
 13916 | D:15     | Escaped the Abyss
 13961 | D:15     | Found a staircase to the Depths.
 14260 | D:15     | Found a hide-covered altar of Uskayaw.
 14846 | Lair:1   | Entered Level 1 of the Lair of Beasts
 15021 | Lair:1   | Reached skill level 18 in Fighting
 15679 | Lair:1   | Found a runed translucent door.
 15679 | Lair:1   | Noticed KennySheep's ghost (journeyman NaEE)
 15691 | Lair:1   | Killed KennySheep's ghost
 15699 | Lair:1   | Identified the +1 falchion of Likkisih {vamp, rPois Str+5
                  | Dex-2 Stlth+}
 16086 | Lair:2   | Found a staircase to the Shoals.
 16120 | Lair:2   | Received a gift from Trog
 16696 | Lair:3   | Found a hole to the Spider Nest.
 16902 | Lair:3   | Reached skill level 19 in Fighting
 17533 | Lair:4   | Upgraded the game from 0.30-a0-141-g30f27751c5 to
                  | 0.30-a0-149-g7f746667c4
 17628 | Lair:4   | Reached XP level 15. HP: 85/152 MP: 12/12
 17644 | Lair:4   | Found a frozen archway.
 17657 | IceCv    | Entered an ice cave
 17959 | IceCv    | Received a gift from Trog
 18295 | IceCv    | Identified the +1 leather armour "Gaotocvo" {rF+ Dex+6}
 18449 | Lair:4   | Acquired a +1 kite shield of resistance
 18513 | Lair:4   | Reached skill level 20 in Fighting
 19209 | Lair:5   | Entered Level 5 of the Lair of Beasts
 19396 | D:10     | Killed jlumianski's ghost
 19840 | Lair:5   | Found a staircase to the Slime Pits.
 19841 | Lair:5   | Found a viscous altar of Jiyva.
 20351 | Lair:5   | Reached skill level 21 in Fighting
 20773 | Lair:5   | Received a gift from Trog
 21378 | Spider:1 | Entered Level 1 of the Spider Nest
 21386 | Spider:1 | Noticed Nikola
 21405 | Spider:1 | Killed Nikola
 22550 | Spider:2 | Noticed Aizul
 22563 | Spider:2 | Killed Aizul
 22825 | Spider:2 | Reached XP level 16. HP: 146/165 MP: 13/13
 22910 | Spider:2 | Noticed Arachne
 22929 | Spider:2 | Killed Arachne
 22934 | Spider:2 | Blown up by an orb spider

Illustrated notes

Levels and vault maps discovered:
D:1:      dpeg_arrival_refuge, layout_basic, ebering_ecumenical_altar_rust,
          minmay_misc_feat_pillars
D:2:      layout_rooms, uniq_robin
D:3:      layout_loops_ring, serial_shops, nicolae_shop_overgrown_old_shop,
          grunt_ministairs_11
D:4:      layout_loops_ring, chequers_temple_overflow_statue_of_worship,
          lightli_ossuary_entry_decrepit_ruins, kennysheep_donut, uniq_edmund,
          uniq_menkaure
D:5:      layout_loops_cross, okawaru_trees_1,
          mainiacjoe_overflow_six_doors_small
D:6:      layout_basic, general_overflow_altar
D:7:      layout_rooms, amcnicky_altar_gilded, minmay_temple_entry_overgrown,
          kennysheep_generic_room_9, uniq_prince_ribbit1, uniq_duvessa
D:8:      layout_basic, lemuel_crystal_altar, overflow_temple_1_default,
          serial_shops, shop, serial_park_tiny_2
D:9:      layout_basic, nicolae_qazlal_general_emergency, xom_teletrap_fun,
          nicolae_ashenzari_skybound, enter_bailey_3, serial_shops,
          nicolae_stop_n_shop_2, uniq_maggie
D:10:     layout_roguey, gammafunk_ghost_arena, serial_curves, eino_curves_02,
          eino_curves_03, minmay_fountain_box
D:11:     layout_cave_pools, grunt_lair_entry_orc_guard_hut, grunt_tough_drop,
          uniq_gastronok
D:12:     layout_roguey, zombieorc1_lemuel, minmay_hedge_maze,
          serial_park_tiny_pond
D:13:     layout_roguey
D:14:     layout_irregular_city, david_vaults_4, serial_ice, serial_ice_g,
          serial_ice_e, serial_ice_k, serial_ice_h, serial_ice_a, serial_ice_c,
          nzn_wu_jian_council_hall, drop_trap, trog_hazing_becter,
          uniq_josephine
D:15:     grunt_enter_depths_magical_seal, layout_basic, amethyst_killhole,
          eat_drink_and_be_merry_uskayaw
Lair:1:   layout_loops_ring, ebering_ghost_inner_flame,
          chequers_serial_rivers_large_b, roderic_batcave
Lair:2:   layout_chaotic_city, minmay_shoals_entry_lonely_mermaid,
          grunt_megastairs_1
Lair:3:   layout_roguey, hellmonk_spider_entry_not_the_bees, lemuel_old_faithful
Lair:4:   layout_layer_cave, portal_ice_cave_entry_pillars_1, nzn_random_ring
Lair:5:   gammafunk_lair_ancient_temple, layout_regular_city, slime_entry_1,
          grunt_megastairs_4
Spider:1: layout_cave_pods, uniq_nikola
Spider:2: layout_spider_delve, uniq_aizul, uniq_arachne

Skill      XL: |  1  2  3  4  5  6  7  8  9 10 11 12 13 14 15 |
---------------+----------------------------------------------+-----
Axes           | 4 8 9 10 11 12 13 15 16 18 19 | 19.6
Fighting       | 4 6 7 8 9 11 13 16 19 21 | 21.9
Armour         | 3 6 7 8 9 10 12 13 14 | 14.1
Dodging        | 5 6 7 8 |  8.7
Shields        | 4 5 6 7 9 10 11 12 13 | 13.8
Evocations     | 3 4 5 |  5.9
Ranged Weapons | 3 5 7 |  7.1
Throwing       | |  0.2

Action                   |  1- 3 |  4- 6 |  7- 9 | 10-12 | 13-15 | 16-18 || total
-------------------------+-------+-------+-------+-------+-------+-------++-------
Melee: Hand axe          |    78 |    82 |    55 |       |       |       ||   215
       Headbutt          |    14 |    16 |    33 |    59 |   156 |     3 ||   281
       Punch             |     2 |       |       |       |       |       ||     2
       Broad axe         |       |       |   139 |   315 |   699 |    18 ||  1171
       Bite              |       |       |       |       |    75 |     2 ||    77
Invok: Berserk           |     1 |     1 |       |     1 |     4 |     1 ||     8
       Trog's Hand       |       |     1 |     1 |     3 |     8 |       ||    13
       Brothers in Arms  |       |       |       |     1 |     1 |       ||     2
 Abil: Evoke Blink       |       |       |     1 |     1 |     1 |       ||     3
Evoke: Wand              |       |       |       |       |     1 |     1 ||     2
  Use: Scroll            |     3 |     4 |    11 |    11 |     6 |       ||    35
       Potion            |     2 |     1 |       |       |     4 |     1 ||     8
 Stab: Distracted        |       |       |       |       |     1 |       ||     1
       Paralysed         |       |       |       |       |       |     2 ||     2
Armor: Ring mail         |    26 |       |       |       |       |       ||    26
       Animal skin       |     1 |       |       |       |       |       ||     1
       Scale mail        |       |    19 |    40 |     6 |       |       ||    65
       Crystal plate arm |       |       |       |    85 |   271 |    29 ||   385
Dodge: Dodged            |    43 |    14 |    42 |    64 |   141 |     7 ||   311
Block: Tower shield      |       |    39 |   211 |   358 |   510 |       ||  1118
       Reflection        |       |       |    16 |    38 |    34 |     1 ||    89
       Kite shield       |       |       |       |       |   216 |    16 ||   232

Table legend: (Time is in decaauts)
 A = Elapsed time spent in this place.
 B = Non-inter-level travel time spent in this place.
 C = Inter-level travel time spent in this place.
 D = Time resting spent in this place.
 E = Time spent auto-exploring this place.
 F = Levels seen in this place.
 G = Mean time per level.
                   A        B        C        D        E       F      G
               +--------+--------+--------+--------+--------+-----+--------+
         Total |  23291 |  21215 |   2076 |      0 |  17338 |  26 |  895.8 |
       Dungeon |  14293 |  12931 |   1362 |      0 |  10914 |  15 |  952.9 |
          Lair |   5716 |   5092 |    624 |      0 |   4297 |   5 | 1143.2 |
   Spider Nest |   1578 |   1489 |     89 |      0 |   1203 |   2 |  789.0 |
         Abyss |    118 |    118 |      0 |      0 |      0 |   1 |  118.0 |
       Ossuary |    237 |    237 |      0 |      0 |    123 |   1 |  237.0 |
        Bailey |    604 |    604 |      0 |      0 |    336 |   1 |  604.0 |
      Ice Cave |    743 |    743 |      0 |      0 |    465 |   1 |  743.0 |
               +--------+--------+--------+--------+--------+-----+--------+

Top non-repeatable levels by time:
  Lair:5: 1848 daAuts
    D:14: 1360 daAuts
     D:1: 1338 daAuts
    D:12: 1323 daAuts
    D:15: 1183 daAuts
Spider:1: 1157 daAuts
  Lair:4: 1105 daAuts
     D:3: 1094 daAuts
     D:4: 1074 daAuts
  Lair:1: 1025 daAuts
     D:8: 1017 daAuts
     D:9: 995 daAuts
  Lair:3: 934 daAuts
    D:10: 922 daAuts
  Lair:2: 803 daAuts
